 Dungeon Crawl Stone Soup version 0.23.2-30-g0e89c35649 (webtiles) character file.

Game seed: 3517285076799324247

58 redwoodhats the Sneak (level 4, -2/35 HPs)
             Began as a Barachi Assassin on June 10, 2019.
             Slain by a hobgoblin
             ... wielding a +0 club
              (4 damage)
             ... on level 2 of the Dungeon on June 11, 2019.
             The game lasted 00:08:18 (1192 turns).

redwoodhats the Sneak (Barachi Assassin)            Turns: 1192, Time: 00:08:19

Health: -2/35      AC:  3    Str: 10 (12) XL:     4   Next: 2%
Magic:  4/4        EV: 12    Int:  9 (11) God:
Gold:   19         SH:  0    Dex: 14 (15) Spells: 3/3 levels left

rFire    . . .     SeeInvis .   a - +2 dagger
rCold    . . .     Gourm    .   (no shield)
rNeg     . . .     Faith    .   c - +0 robe
rPois    .         Spirit   .   (no helmet)
rElec    .         Reflect  .   d - +0 cloak
rCorr    .         Harm     .   (no gloves)
MR       .....                  (no boots)
Stlth    +++.......             (no amulet)
HPRegen  0.11/turn              (no ring)
MPRegen  0.09/turn              (no ring)

@: slow
A: +LOS, swims, slowness 1, strong legs 1
a: Hop


You were on level 2 of the Dungeon.
You were not hungry.

You visited 1 branch of the dungeon, and saw 2 of its levels.

You collected 19 gold pieces.

Inventory:

Hand Weapons
 a - a +2 dagger (weapon)
 b - a +0 blowgun
Missiles
 e - 8 poisoned needles
 f - 2 curare-tipped needles
Armour
 c - a +0 robe (worn)
 d - a +0 cloak (worn)
Potions
 h - a potion of magic {unknown}
 i - a potion of brilliance
 k - a potion of degeneration
Comestibles
 g - 4 rations


   Skills:
 + Level 3.0 Fighting
 + Level 2.6 Short Blades
 + Level 2.1 Throwing
 + Level 1.7 Dodging
 + Level 4.5 Stealth


You had 3 spell levels left.
You didn't know any spells.
Your spell library was empty.

Dungeon Overview and Level Annotations

Branches:
Dungeon (2/15)

Altars:


Innate Abilities, Weirdness & Mutations

Shadows flee at your approach. (+LOS)
You can swim through water.
You cover ground slowly.
You can hop short distances.


Message History

The hobgoblin is severely wounded.
The hobgoblin barely misses you.
You hit the hobgoblin.
You kill the hobgoblin!
You have reached level 4!
You feel agile. The kobold closely misses you.
You hit the kobold.
You kill the kobold!
A goblin comes into view.
The goblin shouts!
A hobgoblin comes into view. It is wielding a +0 club.
The goblin barely misses you. The goblin hits you but does no damage.
The goblin misses you. The hobgoblin completely misses you.
The goblin hits you.
* * * LOW HITPOINT WARNING * * *
The hobgoblin barely misses you. The goblin barely misses you.
The hobgoblin hits you with a +0 club.
You die...

#. ≈P #### #.# ≈≈♣ ...#
#.# .≈≈K ###.###.#####
≈≈PP.##.#......)..
≈♣.P.#..(.......# #
♣P≈....g@.......# ##
≈P.....g....(...# .
≈≈............†.#
≈...#...(.....).#
P....##.#%......#########
P...# #####..(####.......
P##. #.#..# #.###### #
#.##..# #.# #.# #..# #)#


You could see a hobgoblin and a goblin.

Vanquished Creatures
  Jessica (D:2)
  An ooze (D:1)
  A dart slug (D:1)
  2 leopard geckos (D:1)
  2 giant cockroaches
  3 hobgoblins
  3 kobolds (D:2)
  A quokka (D:2)
  A ball python (D:2)
  4 bats (D:1)
  A frilled lizard (D:1)
  5 rats (D:1)
25 creatures vanquished.

Vanquished Creatures (others)
  A bat (D:2)
1 creature vanquished.

Grand Total: 26 creatures vanquished

Notes
Turn   | Place    | Note
-------+----------+-------------------------------------------
     0 | D:1      | redwoodhats the Barachi Assassin began the quest for the
                  | Orb.
     0 | D:1      | Reached XP level 1. HP: 17/17 MP: 1/1
   238 | D:1      | Reached XP level 2. HP: 5/23 MP: 2/2
   493 | D:1      | Reached skill level 4 in Stealth
  1076 | D:2      | Noticed Jessica
  1092 | D:2      | Killed Jessica
  1092 | D:2      | Reached XP level 3. HP: 14/28 MP: 3/3
  1161 | D:2      | HP: 1/29 [hobgoblin (4)]
  1164 | D:2      | Reached XP level 4. HP: 1/35 MP: 4/4
  1192 | D:2      | Slain by a hobgoblin

Skill      XL: |  1  2  3 |
---------------+----------+-----
Stealth        | 4 |  4.5
Fighting       | 3 |  3.0
Short Blades   | |  2.6
Throwing       | |  2.1
Dodging        | |  1.7

Action                   |  1- 3 |  4- 6 || total
-------------------------+-------+-------++-------
Melee: Dagger            |    87 |     1 ||    88
 Fire: Blowgun           |     1 |       ||     1
 Abil: Hop               |     1 |       ||     1
  Use: Scroll            |     3 |       ||     3
       Potion            |     2 |       ||     2
 Stab: Sleeping          |     3 |       ||     3
  Eat: Ration            |     1 |       ||     1
Armor: Robe              |    26 |     1 ||    27
Dodge: Dodged            |    71 |     6 ||    77
